 Dungeon Crawl Stone Soup version 0.25.1-2-g60ff931df9 (webtiles) character file.

Game seed: 15435348802465398818

429 DearestLeader the Chopper (level 6, -2/44 HPs)
             Began as a Demonspawn Gladiator on Oct 24, 2020.
             Slain by Menkaure (7 damage)
             ... on level 5 of the Dungeon.
             The game lasted 00:06:03 (4247 turns).

DearestLeader the Chopper (Demonspawn Gladiator)    Turns: 4247, Time: 00:06:04

Health: -2/44      AC: 13    Str: 17    XL:     6   Next: 66%
Magic:  6/6        EV:  8    Int: 15    God:
Gold:   269        SH:  5    Dex: 14    Spells: 5/5 levels left

rFire    . . .     SeeInvis .   a - +0 war axe
rCold    . . .     Gourm    .   (no shield)
rNeg     . . .     Faith    .   t - +0 chain mail
rPois    .         Spirit   .   (helmet restricted)
rElec    .         Reflect  +   (no cloak)
rCorr    .         Harm     .   (no gloves)
MR       .....                  (no boots)
Stlth    ..........             w - amulet of reflection
HPRegen  0.14/turn              r - +4 ring of protection
MPRegen  0.10/turn              n - +6 ring of intelligence

@: no status effects
A: horns 1, nightstalker 1, powered by death 2
a: no special abilities


You were on level 5 of the Dungeon.
You were not hungry.

You visited 1 branch of the dungeon, and saw 5 of its levels.

You collected 269 gold pieces.

Inventory:

Hand Weapons
 a - a +0 war axe (weapon)
Missiles
 d - 3 throwing nets
 k - 9 poisoned darts (quivered)
Armour
 b - a +0 leather armour
 c - a +0 helmet
 e - a +0 scale mail
 t - a +0 chain mail (worn)
Jewellery
 m - an uncursed ring of wizardry
 n - a +6 ring of intelligence (right hand)
 r - a +4 ring of protection (left hand)
 v - an uncursed ring of magical power
 w - an amulet of reflection (around neck)
Wands
 A - a wand of enslavement (7)
Scrolls
 h - 3 scrolls of enchant weapon
 i - a scroll of noise
 j - 5 scrolls of teleportation
 l - a scroll of blinking {unknown}
 o - 2 scrolls of remove curse {unknown}
 p - 2 scrolls of immolation
 q - 3 scrolls of enchant armour
 y - a scroll of amnesia {unknown}
Potions
 g - 3 potions of stabbing {unknown}
 s - a potion of haste {unknown}
 u - 2 potions of cancellation {unknown}
 x - 2 potions of ambrosia {unknown}
 z - a potion of curing {unknown}
Comestibles
 f - 7 rations


   Skills:
 - Level 2.0 Fighting
 * Level 5.4 Axes
 - Level 1.7 Throwing
 + Level 3.0 Armour
 - Level 3.7 Dodging


You had 5 spell levels left.
You didn't know any spells.
Your spell library contained the following spells:

 Spells                   Type           Power        Failure   Level  Hunger
 Magic Dart               Conj           #...         99%         1    ##.....
 Blink                    Tloc           N/A          99%         2    ###....
 Call Imp                 Summ           #.......     99%         2    ###....
 Slow                     Hex            #.......     99%         2    ###....
 Conjure Flame            Conj/Fire      #.......     100%        3    ####...
 Mephitic Cloud           Conj/Pois/Air  #.......     100%        3    ####...


Dungeon Overview and Level Annotations

Branches:
Dungeon (5/15)
 Temple: D:4-7

Altars:
Ashenzari
Xom

Annotations:
D:5 Menkaure


Innate Abilities, Weirdness & Mutations

You have a pair of small horns on your head.
You are slightly more attuned to the shadows.
You regenerate health from kills.


Message History

Menkaure is severely damaged.
You slash the adder!
You kill the adder!
Your Armour skill increases to level 3!
Menkaure casts a spell at you.
You barely resist. You barely miss Menkaure. You headbutt Menkaure.
Menkaure is severely damaged.
Menkaure hits you but does no damage.
Your chain mail prevents you from hitting Menkaure.
Your headbutt misses Menkaure.
Menkaure is severely damaged.
Menkaure closely misses you.
Menkaure whispers drily.
Menkaure hits you.
* * * LOW HITPOINT WARNING * * *
You hit Menkaure.
Menkaure is almost destroyed.
Menkaure hits you!
You die...

... ..# #... ..##
#...####..## ##
...........## #..
............###...
.................#
.....M@.........##
.................#
.....#............#
....#
###......#....
....## #......# ...
s. .....####....##
#....#......###...#
...... #......#...#
......##
#.........#


You could see Menkaure (fast).

Vanquished Creatures
  An ogre (D:4)
  A scorpion (D:5)
  A crimson imp (D:5)
  2 hounds
  Terence (D:3)
  Ijyb (D:3)
  A worker ant (D:4)
  2 adders
  3 gnolls (D:3)
  An ooze (D:3)
  3 worms
  3 dart slugs
  2 orcs (D:4)
  2 giant cockroaches
  7 hobgoblins
  2 quokkas
  A ball python (D:4)
  12 bats
  5 frilled lizards
  10 goblins
  A jackal skeleton (D:4)
  11 kobolds
  3 rats
76 creatures vanquished.

Notes
Turn   | Place    | Note
-------+----------+-------------------------------------------
     0 | D:1      | DearestLeader the Demonspawn Gladiator began the quest for
                  | the Orb.
     0 | D:1      | Reached XP level 1. HP: 16/16 MP: 1/1
   225 | D:1      | Reached skill level 3 in Axes
   311 | D:1      | Gained mutation: You regenerate a little health from kills.
                  | [demonic ancestry]
   311 | D:1      | Reached XP level 2. HP: 18/22 MP: 2/2
   822 | D:2      | Reached skill level 1 in Armour
   822 | D:2      | Gained mutation: You have a pair of small horns on your
                  | head. [demonic ancestry]
   822 | D:2      | Reached XP level 3. HP: 16/27 MP: 3/3
  1431 | D:2      | Found a shattered altar of Ashenzari.
  1433 | D:2      | Found a shimmering altar of Xom.
  1642 | D:3      | Noticed Terence
  1657 | D:3      | Killed Terence
  1657 | D:3      | Gained mutation: You regenerate health from kills. [demonic
                  | ancestry]
  1657 | D:3      | Reached XP level 4. HP: 27/33 MP: 4/4
  1689 | D:3      | Noticed Ijyb
  2412 | D:3      | Reached skill level 4 in Axes
  2560 | D:3      | Killed Ijyb
  2560 | D:3      | Gained mutation: You are slightly more attuned to the
                  | shadows. [demonic ancestry]
  2560 | D:3      | Reached XP level 5. HP: 32/38 MP: 5/5
  2710 | D:4      | Noticed an ogre
  2723 | D:4      | Killed an ogre
  3152 | D:4      | Reached XP level 6. HP: 44/44 MP: 6/6
  3555 | D:4      | Reached skill level 5 in Axes
  3824 | D:5      | Entered Level 5 of the Dungeon
  4234 | D:5      | Noticed Menkaure
  4247 | D:5      | Slain by Menkaure

Illustrated notes

Levels and vault maps discovered:
D:1:      dpeg_arrival_renting, layout_loops_ring
D:2:      layout_loops_cross, nicolae_overflow_hidden_temple,
          minmay_small_reverse_x
D:3:      layout_basic, first_ration, due_unseen_surprise, uniq_ijyb,
          uniq_terence
D:4:      layout_layer_cave, grunt_ministairs_5
D:5:      layout_layer_cave, chequers_ossuary_entry_cave, grunt_ministairs_11,
          uniq_menkaure, uniq_edmund

Skill      XL: |  1  2  3  4  5  6 |
---------------+-------------------+-----
Axes           | 3 4 5 |  5.4
Armour         | 1 2 3 |  3.0
Dodging        | 3 |  3.7
Fighting       | |  2.0
Throwing       | |  1.7

Action                   |  1- 3 |  4- 6 || total
-------------------------+-------+-------++-------
Melee: War axe           |   105 |   148 ||   253
       Headbutt          |     5 |    25 ||    30
Throw: Dart              |     3 |    11 ||    14
  Use: Scroll            |       |     7 ||     7
  Eat: Chunk             |     2 |     9 ||    11
Armor: Scale mail        |    61 |    38 ||    99
       Chain mail        |       |    46 ||    46
Dodge: Dodged            |   100 |    99 ||   199
Block: Other             |       |     9 ||     9
